 Dungeon Crawl Stone Soup version 0.23-a0-398-g8eab93f (webtiles) character file.

694 RoseArtemis the Sneak (level 7, -3/32 HPs)
             Began as a Spriggan Enchanter on Nov 3, 2018.
             Was an Initiate of Dithmenos.
             Killed from afar by Dowan (19 damage)
             ... with a shard of ice
             ... on level 6 of the Dungeon.
             The game lasted 00:18:55 (7186 turns).

RoseArtemis the Sneak (Spriggan Enchanter)          Turns: 7186, Time: 00:18:56

Health: -3/32      AC:  2    Str:  4    XL:     7   Next: 37%
Magic:  3/15       EV: 21    Int: 18    God:    Dithmenos [......]
Gold:   252        SH:  0    Dex: 17    Spells: 12/16 levels left

rFire    . . .     SeeInvis +   a - +2 dagger
rCold    . . .     Gourm    .   (shield restricted)
rNeg     + . .     Faith    .   b - +0 robe
rPois    .         Spirit   .   (helmet restricted)
rElec    .         Reflect  .   (no cloak)
rCorr    .         Harm     .   (gloves unavailable)
MR       +....                  (boots unavailable)
Stlth    ++++......             (no amulet)
HPRegen  0.10/turn              e - ring of positive energy
MPRegen  0.14/turn              n - ring of wizardry

@: berserk cooldown, slowed, quick
A: very small, unfitting armour, see invisible, herbivore, speed 3, slow
metabolism 2
a: Renounce Religion


You were on level 6 of the Dungeon.
You worshipped Dithmenos.
Dithmenos was noncommittal.
You were not hungry.

You visited 2 branches of the dungeon, and saw 7 of its levels.
You also visited: Sewer.

You collected 252 gold pieces.

Inventory:

Hand Weapons
 a - a +2 dagger (weapon)
Armour
 b - a +0 robe (worn)
Jewellery
 c - an uncursed ring of see invisible {unknown}
 e - a ring of positive energy (left hand)
 n - a ring of wizardry (right hand)
Wands
 s - a wand of iceblast (2)
Scrolls
 f - a scroll of amnesia {unknown}
 g - 2 scrolls of enchant weapon
 o - a scroll of immolation
 p - a scroll of noise
Potions
 h - a potion of haste {unknown}
 k - 2 potions of ambrosia
 l - a potion of curing
 m - a potion of agility {unknown}
 q - a potion of berserk rage
 r - 2 potions of lignification {unknown}
Comestibles
 d - 11 rations


   Skills:
 * Level 4.8 Short Blades
 + Level 5.9 Dodging
 + Level 7.0 Stealth
 + Level 5.0 Spellcasting
 - Level 5.0 Hexes


You had 12 spell levels left.
You knew the following spells:

 Your Spells              Type           Power        Failure   Level  Hunger
a - Confusing Touch       Hex            ###...       1%          1    None
b - Ensorcelled Hibernat  Hex/Ice        ##....       2%          2    #......
c - Corona                Hex            ###....      1%          1    None

Your spell library contained the following spells:

 Spells                   Type           Power        Failure   Level  Hunger
 Confuse                  Hex            ###.....     1%          3    ##.....
 Tukima's Dance           Hex            ###.....     1%          3    ##.....
 Dazzling Spray           Conj/Hex       ##....       6%          3    ##.....
 Gell's Gravitas          Tloc           #.........   16%         3    ##.....
 Petrify                  Tmut/Erth      #.......     45%         4    ####...
 Metabolic Englaciation   Hex/Ice        ##........   45%         5    ######.
 Yara's Violent Unravell  Hex/Tmut       ##........   45%         5    ######.


Dungeon Overview and Level Annotations

Branches:
Dungeon (6/15)             Temple (1/1) D:4

Altars:
Ashenzari
Cheibriados
Dithmenos
Elyvilon
Gozag
Kikubaaqudgha
Makhleb
Nemelex Xobeh
Okawaru
Qazlal
Ru
Sif Muna
Trog
Uskayaw
Wu Jian
Xom
Zin
The Shining One

Shops:
D:6 *

Annotations:
D:5 exclusion: downstairs
D:6 Dowan, Grinder


Innate Abilities, Weirdness & Mutations

You are very small and have problems with some larger weapons.
You are too small for most types of armour.
You have supernaturally acute eyesight. (SInv)
You are a herbivore.
You cover ground extremely quickly.
You need to consume almost no food.


Message History

Dowan closely misses you. Dowan barely misses you.
You hit Dowan but do no damage.
Dowan mumbles some strange words.
Dowan blinks!
Dowan misses you.
You hit Dowan. Dowan closely misses you. Dowan barely misses you.
You closely miss Dowan. Dowan misses you.
You hit Dowan but do no damage. Dowan hits you but does no damage. x2
You miss Dowan. Dowan completely misses you. Dowan hits you with a +0 dagger.
* * * LOW HITPOINT WARNING * * *
You closely miss Dowan. Dowan hits you but does no damage.
You hit Dowan but do no damage. Dowan closely misses you.
Dowan mumbles some strange words.
Dowan blinks!
Dowan misses you.
You hit Dowan but do no damage.
Dowan points at you and mumbles some strange words.
The shard of ice hits you!
Ouch! That really hurt!
You die...

####### #.....# #.....#
#.....# #.<)..# # #.....#
# ##....# + #...e# #
#...@# # #....########
################.ยง.......
...'......#....'.........
...#......#....#.........
...#......#....#....>....
..##..######..##.........
+###..######..###########
...............#


You could see Dowan.

Vanquished Creatures
  Menkaure (D:4)
  Duvessa (D:6)
  A crocodile (Sewer)
  A scorpion (D:5)
  A crimson imp (D:5)
  An orc priest (D:6)
  An iguana (D:4)
  2 hound skeletons
  A worker ant zombie (D:5)
  10 adders
  3 oozes
  4 worms
  6 dart slugs
  4 leopard geckos
  8 orcs
  13 bats
  9 giant cockroaches
  8 goblins
  4 hobgoblins
  13 jackals
  7 kobolds
  4 quokkas
  A ball python (D:5)
  4 frilled lizards
  9 rats
117 creatures vanquished.

Notes
Turn   | Place    | Note
-------+----------+-------------------------------------------
     0 | D:1      | RoseArtemis the Spriggan Enchanter began the quest for the
                  | Orb.
     0 | D:1      | Reached XP level 1. HP: 9/9 MP: 5/5
   165 | D:1      | Reached XP level 2. HP: 11/13 MP: 4/6
   352 | D:1      | Learned a level 2 spell: Ensorcelled Hibernation
   681 | D:1      | Reached XP level 3. HP: 15/16 MP: 3/8
  1154 | D:1      | Reached skill level 5 in Stealth
  1334 | D:2      | Reached XP level 4. HP: 21/21 MP: 9/9
  1447 | D:2      | Found a shattered altar of Ashenzari.
  2210 | D:2      | Found a sacrificial altar of Ru.
  2253 | D:2      | Found a bloodstained altar of Trog.
  2779 | D:3      | Reached skill level 5 in Hexes
  2987 | D:3      | Reached XP level 5. HP: 24/24 MP: 11/11
  3652 | D:3      | Learned a level 1 spell: Confusing Touch
  3973 | D:4      | Found a staircase to the Ecumenical Temple.
  3979 | Temple   | Entered the Ecumenical Temple
  4217 | Temple   | Became a worshipper of Dithmenos the Shadowed
  4257 | D:4      | Noticed Menkaure
  4261 | D:4      | Killed Menkaure
  4261 | D:4      | Reached XP level 6. HP: 28/28 MP: 11/13
  4325 | D:4      | Reached skill level 6 in Stealth
  4864 | D:4      | Found a glowing golden altar of the Shining One.
  5002 | D:4      | Reached skill level 5 in Dodging
  5272 | D:5      | Entered Level 5 of the Dungeon
  5818 | D:5      | Found a glowing drain.
  5826 | Sewer    | Entered a sewer
  6136 | D:5      | Reached * piety under Dithmenos
  6136 | D:5      | Reached XP level 7. HP: 32/32 MP: 4/15
  6514 | D:6      | Found Muawaduh's General Store.
  6517 | D:6      | Noticed Duvessa
  6518 | D:6      | Noticed Dowan
  6936 | D:6      | Noticed Grinder
  7133 | D:6      | Killed Duvessa
  7133 | D:6      | Reached skill level 7 in Stealth
  7133 | D:6      | Reached skill level 5 in Spellcasting
  7186 | D:6      | Killed from afar by Dowan

Vault maps used:
D:1:      onia_arrival_handbag
D:2:      nicolae_ru_the_path_less_chosen, lightli_temple_of_fire,
          nicolae_ashenzari_panopticon
D:3:      moated_statue
D:4:      temple_statues, nicolae_tso_swordbearing_angel, uniq_menkaure
D:5:      first_ration, portal_sewer_entry_b
D:6:      serial_shops, shop_statue, uniq_duvessa, uniq_grinder, uniq_eustachio
Temple:   regret_index_temple_generic_petals
Sewer:    sewer_big_baddie

Skill      XL: |  1  2  3  4  5  6  7 |
---------------+----------------------+-----
Hexes          | 4 5 |  5.0
Spellcasting   | 3 4 5 |  5.0
Stealth        | 5 6 7 |  7.0
Short Blades   | 2 3 4 |  4.8
Dodging        | 4 5 |  5.9

Action                   |  1- 3 |  4- 6 |  7- 9 || total
-------------------------+-------+-------+-------++-------
Melee: Dagger            |   116 |   282 |    58 ||   456
 Cast: Corona            |     4 |     1 |       ||     5
       Ensorcelled Hiber |    15 |    65 |    20 ||   100
       Confusing Touch   |       |     7 |     1 ||     8
  Use: Scroll            |       |    11 |     2 ||    13
       Potion            |       |       |     2 ||     2
 Stab: Sleeping          |    23 |    51 |     7 ||    81
       Confused          |       |     3 |       ||     3
  Eat: Ration            |       |     3 |     1 ||     4
Armor: Robe              |     5 |    22 |     9 ||    36
Dodge: Dodged            |    96 |   283 |    49 ||   428

Table legend:
 A = Non-vault XP
 B = Vault XP
 C = Vault XP percentage of total XP
 D = Non-vault monster count
 E = Vault monster count
 F = Vault count percentage of total count
                 A         B        C        D         E       F
            +---------+---------+-------+---------+---------+-------
      Total |     564 |     428 |  43.1 |     100 |      17 |  14.5
            +---------+---------+-------+---------+---------+-------
        D:1 |      67 |      16 |  19.3 |      30 |       4 |  11.8
        D:2 |      64 |       0 |   0.0 |      24 |       0 |   0.0
        D:3 |      86 |       0 |   0.0 |      18 |       0 |   0.0
        D:4 |      82 |     154 |  65.3 |       8 |       1 |  11.1
        D:5 |     216 |       7 |   3.1 |      16 |       5 |  23.8
        D:6 |      49 |     135 |  73.4 |       4 |       1 |  20.0
      Sewer |       0 |     116 | 100.0 |       0 |       6 | 100.0
            +---------+---------+-------+---------+---------+-------
